 Dungeon Sprint DCSS version 0.20.1-1-g8b1a95d (webtiles) character file.

11291 Sergeek the Executioner (level 11, -10/121 HPs)
             Began as a Hill Orc Berserker on Oct 31, 2017.
             Was the Champion of Trog.
             Shot with an arrow by a centaur warrior (21 damage)
             ... in the Dungeon (Sprint V: "Ziggurat Sprint").
             The game lasted 00:23:22 (452 turns).

Sergeek the Executioner (Hill Orc Berserker)         Turns: 452, Time: 00:23:22

Health: -10/121    AC: 31    Str: 39    XL:     11   Next: 75%
Magic:  11/11      EV: 11    Int:  7    God:    Trog [******]
Gold:   0          SH:  0    Dex: 10    Spells: 10/10 levels left

rFire    . . .     SeeInvis +   K - +14 obsidian axe {chop, +Fly SInv *Curse} (curse)
rCold    . . .     Gourm    .   (no shield)
rNeg     . . .     Faith    +   L - +15 Maxwell's patent armour {-Cast -Tele rElec MR+ rCorr}
rPois    +         Spirit   .   (no helmet)
rElec    +         Reflect  .   (no cloak)
rCorr    +         Harm     .   Z - +0 pair of gloves of Iduarog {-Cast rPois Str+3}
MR       +....     NoTele   +   (no boots) Stlth ..........NoCast +
                                a - amulet of faith
Regen    0.3/turn               G - +6 ring of strength
MPRegen  0.2/turn               H - +6 ring of strength

@: mesmerised, very slightly contaminated
A: no striking features
a: Berserk, Trog's Hand, Brothers in Arms, Burn Spellbooks, Renounce Religion,
Evoke Flight


You were in the Dungeon.
You worshipped Trog.
Trog was exalted by your worship.
You were not hungry.

You visited 1 branch

Inventory:

Hand Weapons
 K - the cursed +14 obsidian axe (weapon) {chop, +Fly SInv *Curse}
   (You found it in the Dungeon)

   It inflicts extra damage upon your enemies.
   It lets you see invisible.
   It lets you fly.
   It curses itself when equipped.
   It has a curse placed upon it.
Armour
 L - the +15 Maxwell's patent armour (worn) {-Cast -Tele rElec MR+ rCorr}
   (You found it in the Dungeon)

   It insulates you from electricity.
   It affects your resistance to hostile enchantments.
   It prevents spellcasting.
   It prevents most forms of teleportation.
   It protects you from acid and corrosion.
 Z - the +0 pair of gloves of Iduarog (worn) {-Cast rPois Str+3}
   (You found it in the Dungeon)

   It affects your strength (+3).
   It protects you from poison.
   It prevents spellcasting.
Jewellery
 a - an amulet of faith (around neck)
 C - a +6 ring of dexterity
 D - a +6 ring of dexterity
 E - a +6 ring of intelligence
 F - a +6 ring of intelligence
 G - a +6 ring of strength (left hand)
 H - a +6 ring of strength (right hand)
 J - an uncursed ring of flight
 U - an uncursed ring of see invisible
Wands
 y - a wand of disintegration (7/24)
 z - a wand of iceblast (5/15)
 A - a wand of lightning (5/15)
 B - a wand of acid (5/15)
Scrolls
 i - 4 scrolls of blinking
 p - 3 scrolls of recharging
 q - 7 scrolls of fog
 r - a scroll of holy word
 s - 5 scrolls of identify
 t - 5 scrolls of remove curse
 u - 2 scrolls of fear
 v - 4 scrolls of amnesia
 P - a scroll of brand weapon
Potions
 d - 10 potions of curing
 e - 18 potions of heal wounds
 f - 6 potions of haste
 g - 7 potions of magic
 h - 3 potions of berserk rage
 j - 2 potions of brilliance
 k - a potion of invisibility
 l - 4 potions of resistance
 m - a potion of experience
 n - 5 potions of agility
 o - 5 potions of might
Miscellaneous
 b - 3 boxes of beasts
 I - a lightning rod (4/4)
 N - a phantom mirror
 Q - a lamp of fire
 R - a sack of spiders
 S - a fan of gales
 T - a phial of floods
 V - a phial of floods
Comestibles
 c - 5 bread rations
 w - 42 fruits
 x - 4 meat rations
 O - 31 chunks of flesh


   Skills:
 + Level 18.5 Fighting
 + Level 23.6 Axes
 + Level 10.1 Armour
 + Level 5.6 Dodging
 + Level 4.4 Stealth


You had 10 spell levels left.
You didn't know any spells.

Dungeon Overview and Level Annotations

Branches:
Dungeon (1/1)

Altars:
Ashenzari
Cheibriados
Dithmenos
Elyvilon
Fedhas
Gozag
Hepliaklqana
Kikubaaqudgha
Makhleb
Nemelex Xobeh
Okawaru
Qazlal
Ru
Sif Muna
Trog
Uskayaw
Vehumet
Xom
Yredelemnul
Zin
The Shining One
Beogh
Jiyva
Lugonu


Message History

* * * LOW HITPOINT WARNING * * *
The merfolk javelineer throws a javelin.
The javelin hits you!
* * * LOW HITPOINT WARNING * * *
The deep elf master archer wields a longbow.
The deep elf master archer shoots an arrow.
The arrow barely misses you.
The merfolk javelineer throws a javelin of penetration.
The javelin of penetration pierces through you.
* * * LOW HITPOINT WARNING * * *
The yaktaur wields a glowing arbalest.
The yaktaur shoots a bolt.
The bolt barely misses you.
An arrow appears from out of your range of vision.
The arrow hits your ynoxinul!!
Found six items.
A cyclops comes into view.
You swap places.
Visions of slaying the yaktaur flood into your mind.
The centaur warrior shoots an arrow.
The arrow hits you!!
You die...

▓).}.")|..▓
▓.Cccmem..▓...).=)..▓
▓.........▓.........▓
▓.........▓...()%...▓
▓.........▓..|))....▓
▓.........▓...)))...▓
▓..▓...▓..▓...%..(..▓
▓.▓...3.▓.▓.▓.....▓.▓
▓...@33...▓.........▓
▓▓▓▓▓▓▓▓▓▓▓▓▓▓▓▓▓▓▓▓▓


You could see 2 merfolk javelineers, a deep elf master archer, a centaur
warrior, a cyclops, a yaktaur, a friendly sun demon, a friendly smoke demon and
a friendly ynoxinul.

Vanquished Creatures
  A deep elf blademaster (D)
  A deep elf sorcerer (D)
  An ice dragon (shapeshifter) (D)
  A two-headed ogre (D)
  2 spriggans (D)
  A deep elf mage (D)
  A cyclops (D)
  2 rime drakes (D)
  A guardian mummy (D)
  A hornet (D)
  A blink frog (shapeshifter) (D)
  A flying skull (D)
  A tarantella (D)
  2 wyverns (D)
  A golden eye (D)
  2 steam dragons (D)
  An acid dragon (D)
  3 hell hounds (D)
  2 black bears (D)
  2 eyes of draining (D)
  2 ogres (D)
  An earth elemental (D)
  A scorpion (D)
  4 jellies (D)
  6 mummies (D)
  2 shadow imps (D)
  3 oozes (D)
  An adder skeleton (D)
  An adder zombie (D)
  A bat zombie (D)
  A jackal zombie (D)
51 creatures vanquished.

Vanquished Creatures (collateral kills)
  A deep elf annihilator (D)
  A deep elf high priest (D)
  A dancing weapon (D)
  A deep elf archer (D)
  An eye of devastation (D)
  A hornet (D)
  A spriggan (D)
  A wyvern (D)
  A steam dragon (D)
  2 black bears (D)
  2 mummies (D)
  2 bat zombies (D)
15 creatures vanquished.

Vanquished Creatures (others)
  A spatial maelstrom (D)
1 creature vanquished.

Grand Total: 67 creatures vanquished

Notes
Turn   | Place    | Note
-------+----------+-------------------------------------------
     0 | D        | Sergeek the Hill Orc Berserker began the quest for the Orb.
     0 | D        | Reached XP level 1. HP: 19/19 MP: 1/1
     0 | D        | Found a deep blue altar of Sif Muna.
     0 | D        | Found a sacrificial altar of Ru.
     0 | D        | Found a bloodstained altar of Trog.
     0 | D        | Found a stormy altar of Qazlal.
     0 | D        | Found an iron altar of Okawaru.
     0 | D        | Found a sparkling altar of Nemelex Xobeh.
     0 | D        | Found a blossoming altar of Fedhas.
     2 | D        | Found a transporter.
     2 | D        | Found an ancient bone altar of Kikubaaqudgha.
     2 | D        | Found a viscous altar of Jiyva.
     2 | D        | Found a corrupted altar of Lugonu.
     2 | D        | Found a hazy altar of Hepliaklqana.
     2 | D        | Found a burning altar of Makhleb.
     2 | D        | Found an opulent altar of Gozag.
    25 | D        | Banished a spatial maelstrom
    47 | D        | Entered arena 2.
    47 | D        | Noticed a tarantella
    47 | D        | Noticed a scorpion
    47 | D        | Found a transporter.
    49 | D        | Killed a tarantella
    49 | D        | Reached skill level 9 in Axes
    49 | D        | Reached XP level 2. HP: 36/36 MP: 2/2
    49 | D        | Reached XP level 3. HP: 41/41 MP: 3/3
    49 | D        | Reached XP level 4. HP: 49/49 MP: 4/4
    49 | D        | Reached XP level 5. HP: 56/56 MP: 5/5
    50 | D        | Reached skill level 10 in Axes
    95 | D        | Entered arena 3.
    95 | D        | Noticed a hell hound
    95 | D        | Found a transporter.
    98 | D        | Killed a hell hound
    98 | D        | Reached ** piety under Trog
    98 | D        | Reached skill level 10 in Fighting
    98 | D        | Reached skill level 11 in Axes
    98 | D        | Reached skill level 5 in Armour
    98 | D        | Reached XP level 6. HP: 66/66 MP: 6/6
   109 | D        | Entered arena 4.
   109 | D        | Found a transporter.
   110 | D        | Reached *** piety under Trog
   115 | D        | Reached **** piety under Trog
   126 | D        | Entered arena 5.
   126 | D        | Noticed a cyclops
   126 | D        | Noticed a two-headed ogre
   126 | D        | Found a transporter.
   129 | D        | Reached skill level 12 in Axes
   129 | D        | Reached XP level 7. HP: 74/74 MP: 7/7
   130 | D        | Killed a two-headed ogre
   130 | D        | Reached skill level 15 in Axes
   130 | D        | Reached XP level 8. HP: 85/85 MP: 8/8
   133 | D        | Killed a cyclops
   133 | D        | Reached ***** piety under Trog
   133 | D        | Reached skill level 16 in Axes
   163 | D        | Entered arena 6.
   163 | D        | Found a transporter.
   166 | D        | Received a gift from Trog
   166 | D        | Reached skill level 5 in Dodging
   169 | D        | Reached XP level 9. HP: 92/94 MP: 0/9
   178 | D        | Identified the Tome of Curses and Displacement
   180 | D        | Got the cursed ring of Ryiph {rF- AC-3 Dex+3 Slay+3}
   195 | D        | Received a gift from Trog
   201 | D        | Entered arena 7.
   201 | D        | Noticed an eye of devastation
   202 | D        | Found a transporter.
   204 | D        | Reached skill level 17 in Axes
   205 | D        | Received a gift from Trog
   208 | D        | Killed an eye of devastation
   229 | D        | Entered arena 8.
   230 | D        | Found a transporter.
   230 | D        | Reached ****** piety under Trog
   232 | D        | Received a gift from Trog
   241 | D        | Received a gift from Trog
   259 | D        | Entered arena 9.
   259 | D        | Noticed a spriggan rider
   259 | D        | Noticed a spriggan rider
   260 | D        | Found a transporter.
   263 | D        | Reached skill level 18 in Axes
   266 | D        | Killed a spriggan rider
   266 | D        | Killed a hornet
   266 | D        | Reached skill level 15 in Fighting
   266 | D        | Reached skill level 19 in Axes
   266 | D        | Reached XP level 10. HP: 103/106 MP: 10/10
   267 | D        | Received a gift from Trog
   267 | D        | Reached skill level 1 in Stealth
   301 | D        | Entered arena 10.
   302 | D        | Found a transporter.
   304 | D        | Received a gift from Trog
   308 | D        | Received a gift from Trog
   331 | D        | Entered arena 11.
   332 | D        | Found a transporter.
   335 | D        | Received a gift from Trog
   335 | D        | Reached skill level 20 in Axes
   336 | D        | Received a gift from Trog
   341 | D        | Reached skill level 21 in Axes
   341 | D        | Received a gift from Trog
   368 | D        | Got the +0 pair of gloves of Iduarog {-Cast rPois Str+3}
   380 | D        | Entered arena 12.
   380 | D        | Noticed a deep elf mage
   380 | D        | Noticed a deep elf high priest
   380 | D        | Noticed a deep elf archer
   380 | D        | Noticed a deep elf blademaster
   381 | D        | Noticed a deep elf sorcerer
   382 | D        | Noticed a dire flail of holy wrath
   382 | D        | Noticed a deep elf annihilator
   383 | D        | Found a transporter.
   385 | D        | Noticed an elephant
   385 | D        | a redback changed into an elephant
   386 | D        | Killed a deep elf blademaster
   386 | D        | Reached skill level 22 in Axes
   386 | D        | Reached XP level 11. HP: 85/117 MP: 11/11
   389 | D        | Received a gift from Trog
   390 | D        | Killed a deep elf mage
   393 | D        | Killed a deep elf sorcerer
   393 | D        | Received a gift from Trog
   394 | D        | Killed a dire flail of holy wrath
   394 | D        | Reached skill level 23 in Axes
   395 | D        | Noticed an anaconda
   395 | D        | a merfolk changed into an anaconda
   395 | D        | Killed a deep elf high priest
   396 | D        | Noticed an ice dragon
   396 | D        | an anaconda changed into an ice dragon
   398 | D        | Killed an ice dragon
   398 | D        | Reached skill level 10 in Armour
   398 | D        | Killed a deep elf annihilator
   398 | D        | Received a gift from Trog
   401 | D        | Killed a deep elf archer
   436 | D        | Got the ring of Yckyon {rC+ AC+1}
   451 | D        | Entered arena 13.
   451 | D        | Noticed a centaur warrior
   451 | D        | Noticed a merfolk javelineer
   451 | D        | Noticed a deep elf master archer
   451 | D        | Noticed a merfolk javelineer
   452 | D        | Noticed a cyclops
   452 | D        | Shot with an arrow by a centaur warrior

Skill      XL: |  1  2  3  4  5  6  7  8  9 10 11 |
---------------+----------------------------------+-----
Fighting       | 8 10 11 12 13 15 17 18 | 18.5
Axes           | 9 11 12 15 16 19 22 23 | 23.6
Armour         | 4 5 6 7 8 9 10 | 10.1
Dodging        | 3 4 5 |  5.6
Stealth        | 2 4 |  4.4

Action                   |  1- 3 |  4- 6 |  7- 9 | 10-12 || total
-------------------------+-------+-------+-------+-------++-------
Melee: Broad axe         |     1 |     9 |    19 |    27 ||    56
Invok: Berserk           |     1 |     1 |       |     1 ||     3
       Burn Spellbooks   |       |       |     2 |     2 ||     4
       Brothers in Arms  |       |       |       |     1 ||     1
  Use: Potion            |       |       |       |     1 ||     1
 Stab: Distracted        |       |       |     1 |     1 ||     2
  Eat: Chunk             |       |       |       |     1 ||     1
Armor: Plate armour      |       |     2 |    12 |    20 ||    34
Dodge: Dodged            |     1 |     2 |    15 |    23 ||    41
